AoeStats
← Iamak3186

Arabia

504880719Analyzed
1v1 RM · 26d ago on Sep 6, 2026· 45m 20s· 2 players
Game mode
Random Map
Map size
Tiny (2 player)
Population
200
Speed
Normal
Resources
Standard
Victory
Conquest
Starting age
Dark Age
Ending age
Imperial Age
RankedLock teamsTeams togetherTeam positionsShared explorationLock speedFull tech treeHidden civsTurbo modeCheats
Victory
Defeat
🇮🇹 Italians · Italy
1187
+15
🇮🇳 Mongols · India
1171
-15
Iamak3186
7:44 Feudal Age
7:50 Loom
8:47 Double-Bit Axe
12:14 Horse Collar
19:31 Castle Age
17:41 Gold Mining
20:26 Padded Archer Armor
20:17 Fletching
19:50 Elite Skirmisher
21:09 Bloodlines
21:38 Bow Saw
22:29 Leather Archer Armor
26:00 Wheelbarrow
33:00 Scale Barding Armor
32:51 Bodkin Arrow
33:48 Town Watch
34:34 Heavy Plow
36:12 Hand Cart
40:56 Imperial Age
39:09 Chain Barding Armor
41:39 Heavy Camel Rider
42:21 Bracer
44:57 Chemistry
43:34 Light Cavalry
45:23 Forging
45:46 Ballistics
46:01 Conscription
Bidello
6:52 Loom
7:16 Loom
9:06 Feudal Age
11:04 Double-Bit Axe
13:38 Horse Collar
15:12 Fletching
19:03 Wheelbarrow
21:23 Castle Age
21:42 Padded Archer Armor
21:51 Scale Barding Armor
21:58 Bloodlines
21:48 Crossbowman
22:31 Bodkin Arrow
23:25 Thumb Ring
23:51 Bow Saw
24:04 Bloodlines
26:22 Leather Archer Armor
32:15 Ballistics
34:16 Heavy Plow
34:30 Husbandry
35:20 Town Watch
35:16 Light Cavalry
39:16 Imperial Age
36:56 Scale Barding Armor
37:01 Forging
41:25 Chemistry
40:26 Bracer
40:56 Ring Archer Armor
41:18 Chain Barding Armor
42:11 Conscription
41:28 Hussar
44:30 Elite Genoese Crossbowman
Connection lost

Rejoining the realm…

Still unreachable

The connection could not be restored.

Session expired

The server has moved on; the page needs a fresh start.